 Dungeon Crawl Stone Soup version 0.17-a0-1141-g3e25b61 (webtiles) character file.

761 tehphobia the Conjurer (level 7, 0/36 HPs)
             Began as a Tengu Conjurer on May 27, 2015.
             Was a Follower of Cheibriados.
             Slain by Grimpse's ghost (5 damage)
             ... on level 6 of the Dungeon.
             The game lasted 00:28:09 (6760 turns).

tehphobia the Conjurer (Tengu Conjurer)             Turns: 6760, Time: 00:28:09

Health: 0/36       AC:  2    Str: 10    XL:     7   Next: 80%
Magic:  7/14       EV: 14    Int: 20    God:    Cheibriados [*.....]
Gold:   324        SH:  0    Dex: 16    Spells: 4 memorised, 1 level left

rFire  . . .     SeeInvis .     (no weapon)
rCold  . . .     Clarity  .     a - +0 robe
rNeg   . . .     SustAt   .     (no shield)
rPois  .         Gourm    .     (helmet restricted)
rElec  .         Spirit   .     (no cloak)
rCorr  .         Warding  .     (no gloves)
rMut   .         Stasis   .     (boots unavailable)
MR     .....                    (no amulet)
Stlth  ++........               (no ring)
                                (no ring)

@: very slow, not resistant to hostile enchantments, unstealthy
A: beak, talons 3, able to fly 1
a: Fly, Bend Time, Renounce Religion


You were on level 6 of the Dungeon.
You worshipped Cheibriados.
Cheibriados was aware of your devotion.
You were not hungry.

You visited 1 branch of the dungeon, and saw 6 of its levels.

You collected 324 gold pieces.

Inventory:

Hand weapons
 g - a -2 dagger
Armour
 a - a +0 robe (worn)
Jewellery
 j - a cursed -3 ring of intelligence
 r - a cursed ring of loudness
Magical devices
 e - a wand of frost (28)
 f - a wand of polymorph (7)
Scrolls
 h - 5 scrolls of identify
 i - 3 scrolls of teleportation
 l - 2 scrolls of enchant weapon {unknown}
 p - 2 scrolls of enchant armour {unknown}
 s - a scroll of recharging
 w - 2 scrolls of immolation {unknown}
 y - 2 scrolls of amnesia {unknown}
 B - 2 scrolls of remove curse
Potions
 d - a potion of flight {unknown}
 k - a potion of haste {unknown}
 m - a potion of might {unknown}
 q - a potion of poison {unknown}
 t - a potion of ambrosia {unknown}
 u - a potion of brilliance {unknown}
 x - 2 potions of curing
 z - 2 potions of invisibility {unknown}
Books
 b - a book of Conjurations

   Spells                             Type                      Level
   a - Magic Dart                     Conjuration                  1
   b - Searing Ray                    Conjuration                  2
   c - Dazzling Spray                 Conjuration/Hexes            3
   d - Fulminant Prism                Conjuration/Hexes            4
   e - Iskenderun's Mystic Blast      Conjuration                  4
   f - Iskenderun's Battlesphere      Conjuration/Charms           5
Comestibles
 c - 3 bread rations
 n - 3 beef jerkies
 o - a royal jelly
 v - 4 meat rations
 C - 2 fruits


   Skills:
 + Level 4.2 Dodging
 - Level 2.0 Stealth
 - Level 4.6 Spellcasting
 * Level 7.9 Conjurations
 - Level 2.3 Hexes
 * Level 1.3 Charms


You had one spell level left.
You knew the following spells:

 Your Spells              Type           Power        Failure   Level  Hunger
a - Magic Dart            Conj           ####         1%          1    None
b - Iskenderun's Mystic   Conj           #####...     6%          4    ####...
c - Fulminant Prism       Conj/Hex       ####......   17%         4    ####...
d - Iskenderun's Battles  Conj/Chrm      ###.....     58%         5    ######.


Dungeon Overview and Level Annotations

Branches:
Dungeon (6/15)
 Temple: D:4-7

Altars:
Cheibriados
Fedhas
Ru
The Shining One

Shops:
D:4 :

Annotations:
D:5 Iamsock's ghost, experienced NaCK
D:6 Grimpse's ghost, experienced TrMo


Innate Abilities, Weirdness & Mutations

You have a beak for a mouth.
You have claws for feet.
You can fly.


Message History

The magic dart hits Grimpse's ghost.
Grimpse's ghost is lightly damaged.
Grimpse's ghost hits you but does no damage.
Casting: Magic Dart
Confirm with . or Enter, or press ? or * to list all spells.
Aiming: Magic Dart
Press: ? - help, Shift-Dir - straight line, f/p - Grimpse's ghost
Aim: Grimpse's ghost (lightly damaged)
The magic dart hits Grimpse's ghost.
Grimpse's ghost is moderately damaged.
Grimpse's ghost hits you but does no damage.
Casting: Magic Dart
Confirm with . or Enter, or press ? or * to list all spells.
Aiming: Magic Dart
Press: ? - help, Shift-Dir - straight line, f/p - Grimpse's ghost
Aim: Grimpse's ghost (moderately damaged)
The magic dart hits Grimpse's ghost.
Grimpse's ghost is moderately damaged.
Grimpse's ghost hits you.
You die...

#..#. #...# ?'.) #..#.#
####..#### ##..##.
...'.....#####. #...###
#........ #...)#
#'##..##' #..#.## #..####
#.....# ####.W'..#
#....)# ####..##@#..####
#.....#
........)####..####.....#
........)..†()..........#
#...##......#########..##
##.....####(# #..# #.#w#.
#.#########..# #.#.
#............# . ..
###########.## # .. #.#


You could see a worm and Grimpse's ghost.

Vanquished Creatures
  A centaur (D:5)
  2 ogres
  A scorpion (D:4)
  2 crimson imps
  A hound (D:6)
  A centaur skeleton (D:6)
  An orc wizard (D:4)
  3 worker ants
  A hound skeleton (D:4)
  A worker ant zombie (D:4)
  Robin (D:2)
  7 adders
  2 oozes
  5 worms
  4 giant geckos
  4 orcs (D:6)
  3 giant cockroaches
  16 goblins
  17 hobgoblins
  5 quokkas
  9 bats
  6 giant newts
  A jackal skeleton (D:4)
  22 kobolds
  13 rats
129 creatures vanquished.

Vanquished Creatures (others)
  4 fulminant prisms
  A fungus (D:5)
  2 plants (D:5)
7 creatures vanquished.

Grand Total: 136 creatures vanquished

Notes
Turn   | Place    | Note
--------------------------------------------------------------
     0 | D:1      | tehphobia the Tengu Conjurer began the quest for the Orb.
     0 | D:1      | Reached XP level 1. HP: 10/10 MP: 4/4
   255 | D:1      | Reached XP level 2. HP: 15/15 MP: 4/6
   954 | D:2      | Reached XP level 3. HP: 19/19 MP: 5/7
  1128 | D:2      | Reached skill level 6 in Conjurations
  1383 | D:2      | Reached XP level 4. HP: 24/24 MP: 7/9
  1976 | D:2      | Learned a level 4 spell: Iskenderun's Mystic Blast
  1981 | D:2      | Learned a level 4 spell: Fulminant Prism
  2453 | D:3      | Found a blossoming altar of Fedhas.
  2500 | D:3      | Noticed Robin
  2747 | D:2      | HP: 1/24 [hobgoblin/club[Robin] (2)]
  2785 | D:2      | Killed Robin
  2785 | D:2      | Gained mutation: You can fly. [Tengu growth]
  2785 | D:2      | Reached XP level 5. HP: 26/28 MP: 0/10
  3385 | D:3      | Reached skill level 1 in Hexes
  4342 | D:4      | Reached XP level 6. HP: 32/32 MP: 7/12
  4864 | D:4      | Found Moimmeam's Book Boutique.
  5064 | D:4      | Reached skill level 7 in Conjurations
  5274 | D:4      | Found a glowing golden altar of the Shining One.
  5469 | D:5      | Entered Level 5 of the Dungeon
  5646 | D:5      | Reached XP level 7. HP: 9/36 MP: 2/14
  6060 | D:5      | Found a snail-covered altar of Cheibriados.
  6071 | D:5      | Became a worshipper of Cheibriados the Contemplative
  6123 | D:5      | Noticed Iamsock's ghost (experienced NaCK)
  6179 | D:6      | Found a sacrificial altar of Ru.
  6459 | D:6      | Learned a level 5 spell: Iskenderun's Battlesphere
  6495 | D:6      | Reached skill level 1 in Charms
  6693 | D:6      | Acquired Cheibriados's first power
  6746 | D:6      | Noticed Grimpse's ghost (experienced TrMo)
  6753 | D:6      | HP: 1/36 [Grimpse's ghost (11)]
  6760 | D:6      | Slain by Grimpse's ghost

Vault maps used:
D:1:      ncdulo_halloftheorcs, kennysheep_decorative_pillar,
          lexackson_kobold_supper
D:2:      kennysheep_flooded_box, minmay_joined_circles
D:3:      lemuel_statue_altar, uniq_robin
D:4:      kennysheep_little_box, serial_shops, shop
D:5:      lemuel_coloured_pillars_altar, minmay_temple_entry_poolview,
          first_bread, tgw_fedhas
D:6:      corexii_shantytown, basic_altar

Action                   |  1- 3 |  4- 6 |  7- 9 || total
-------------------------+-------+-------+-------++-------
Melee: Unarmed           |     8 |    13 |     2 ||    23
 Cast: Magic Dart        |    65 |   220 |    67 ||   352
       Iskenderun's Myst |       |     4 |     1 ||     5
       Fulminant Prism   |       |     3 |     1 ||     4
 Abil: Fly               |       |     1 |       ||     1
  Use: Potion            |     1 |     2 |     1 ||     4
       Scroll            |       |     5 |       ||     5
  Eat: Chunk             |     2 |    13 |     1 ||    16
       Bread ration      |       |     1 |       ||     1
